 Dungeon Crawl Stone Soup version bcrawl-1.12-8-g964540c432 (webtiles) character file.

Game seed: 405842730590116374

67 MisterOstroum the Skirmisher (level 4, -7/37 HPs)
             Began as a Demonspawn Chaos Knight on June 9, 2019.
             Was a Plaything of Xom.
             Mangled by Crazy Yiuf
             ... wielding a +3 quarterstaff of chaos
              (15 damage)
             ... on level 2 of the Dungeon.
             The game lasted 00:03:55 (2281 turns).

MisterOstroum the Skirmisher (DsCK)                 Turns: 2281, Time: 00:03:56

Health: -7/37      AC:  4    Str: 18    XL:     4   Next: 0%
Magic:  4/4        EV: 11    Int: 17    God:    Xom [....*.]
Gold:   103        SH:  0    Dex: 12    Spells: 3/3 levels left

rFire    . . .     SeeInvis +   a - +0 spear (chaos)
rCold    . . .     Gourm    .   (no shield)
rNeg     + . .     Faith    .   b - +2 leather armour
rPois    .         Spirit   .   (helmet restricted)
rElec    .         Reflect  .   (no cloak)
rCorr    .         Harm     .   d - +0 pair of gloves
MR       .....                  (no boots)
Stlth    +.........             (no amulet)
HPRegen  0.12/turn              r - ring "Moseimiw" {rN+ Str+4 Int+4 SInv}
MPRegen  0.09/turn              (no ring)

@: lethally poisoned (-7 -> -14)
A: antennae 1, deformed body, deterioration 1, rot immunity
a: Renounce Religion


You were on level 2 of the Dungeon.
You worshipped Xom.
You were a beloved toy of Xom.
You were not hungry.

You visited 1 branch of the dungeon, and saw 2 of its levels.

You collected 103 gold pieces.

Inventory:

Hand Weapons
 a - a +0 spear of chaos (weapon)
 c - a +0 hand axe
Missiles
 k - 309 stones (quivered)
Armour
 b - a +2 leather armour (worn)
 d - a +0 pair of gloves (worn)
 i - a +1 chain mail of fire resistance
 j - a cursed -2 ring mail
 m - a +0 plate armour
Jewellery
 g - an uncursed ring of fire
 r - the ring "Moseimiw" (left hand) {rN+ Str+4 Int+4 SInv}
   (Xom gifted it to you on level 1 of the Dungeon)

   [ring of see invisible]

   It affects your strength (+4).
   It affects your intelligence (+4).
   It protects you from negative energy.
   It lets you see invisible.
Scrolls
 l - a scroll of teleportation {unknown}
 n - 2 scrolls of blinking {unknown}
 p - 2 scrolls of identify {unknown}
 q - a scroll of remove curse {unknown}
 s - a scroll of fog {unknown}
Potions
 f - a potion of degeneration {unknown}
 h - 2 potions of invisibility {unknown}
 t - a potion of cancellation {unknown}
 u - a potion of curing {unknown}
Comestibles
 e - 6 rations {!d}


   Skills:
 + Level 4.0 Fighting
 + Level 3.6 Polearms
 - Level 1.7 Armour
 - Level 0.8 Dodging


You had 3 spell levels left.
You didn't know any spells.
Your spell library was empty.

Dungeon Overview and Level Annotations

Branches:
Dungeon (2/12)

Altars:
Ashenzari

Annotations:
D:2 Crazy Yiuf


Innate Abilities, Weirdness & Mutations

You have a pair of small antennae on your head.
You are immune to rotting.
Armour fits poorly on your strangely shaped body.
Your body sometimes deteriorates upon taking damage.


Message History

No target in view!
No target in view!
No target in view!
No target in view!
No target in view!
No target in view!
No target in view!
No target in view!
No target in view!
No target in view!
p - 2 scrolls labeled CEAGAOPALI (gained 1)
You butcher the rat corpse.
o - a chunk of flesh You see here a rat skeleton. x2
A rat comes into view.
A rat is nearby!
A rat is nearby!
A rat is nearby!
Throwing (i - inventory)
k - 313 stones (quivered)
Press: ? - help, Shift-Dir - straight line, f - rat
Aim: a rat You throw a stone.
The stone hits the rat but does no damage.
Throwing (i - inventory)
k - 312 stones (quivered)
Press: ? - help, Shift-Dir - straight line, f/p - rat
Aim: a rat You throw a stone.
The stone hits the rat but does no damage.
Throwing (i - inventory)
k - 311 stones (quivered)
Press: ? - help, Shift-Dir - straight line, f/p - rat
Aim: a rat You throw a stone.
The stone hits the rat.
The rat is moderately wounded.
Attack whom?
Press: ? - help, Dir - move target cursor, f/p - rat
Aim: a rat (moderately wounded)
You reach to attack!
You hit the rat.
You kill the rat!
You have reached level 4!
You feel stronger.
Your demonic ancestry asserts itself...
You feel immune to rotting.
You butcher the rat corpse.
o - 2 chunks of flesh (gained 1)
You see here a rat skeleton. x2
You see here a long sword.
As you open the door, it creaks loudly!
There is an open door here.
There is an open door, spattered with blood here.
There is an open door here.
You now have 99 gold pieces (gained 15).
You open the door.
Found 153 sling bullets.
Found a stone staircase leading down.
There is an open door here.
You now have 103 gold pieces (gained 4).
There is an open door here.
There is an escape hatch in the floor here.
There is a stone staircase leading up here.
Some of the chunks of flesh in your inventory have rotted away.
There is a stone staircase leading up here.
All of the chunks of flesh in your inventory have rotted away.
There is an open door here.
There is an open door here.
You open the door.
Crazy Yiuf the Enlightened comes into view.
He is wielding a +3 quarterstaff of chaos.
Crazy Yiuf shouts!
Found a runed mace.
Throwing (i - inventory)
k - 310 stones (quivered)
Press: ? - help, Shift-Dir - straight line, f - Crazy Yiuf
Aim: Crazy Yiuf, wielding a +3 quarterstaff of chaos and wearing a +0 cloak You throw a stone.
The stone hits Crazy Yiuf but does no damage.
You barely miss Crazy Yiuf.
Crazy Yiuf hits you with a +3 quarterstaff of chaos!
You are poisoned.
You hit Crazy Yiuf.
Crazy Yiuf glows shining aubergine for a moment.
Crazy Yiuf is lightly wounded.
You feel sick.
You puncture Crazy Yiuf!
Crazy Yiuf is heavily wounded.
You feel sick. "Try this." Strange energies run through your body.
You are now a beloved toy of Xom.
Crazy Yiuf hits you with a +3 quarterstaff of chaos.
You convulse.
You are too injured to fight recklessly!
You are too injured to fight recklessly!
You are too injured to fight recklessly!
You closely miss Crazy Yiuf.
Crazy Yiuf is heavily wounded.
You feel sick.
Crazy Yiuf hits you with a +3 quarterstaff of chaos!
* * * LOW HITPOINT WARNING * * *
Crazy Yiuf freezes you.
* * * LOW HITPOINT WARNING * * *
You closely miss Crazy Yiuf.
Crazy Yiuf is heavily wounded.
Crazy Yiuf hits you with a +3 quarterstaff of chaos!
You die...

###......#.#.........#
##########..........
#.........# #####
#.......<.# #)..#
#......)..# #...#
##.........# ...
#........... #g#
#........... ♣@♣♣
#........... ♣♣.♣
#........... ♣.♣♣
#........... ♣♣.♣
###########. ♣♣.♣♣ ###
#. ♣♣...♣ #.#########.
♣.♣..♣ #.........'.
#....# #.##########
##....###.#.........


You could see Crazy Yiuf.

Vanquished Creatures
  An adder (D:2)
  An ooze (D:2)
  A worm (D:2)
  A dart slug (D:1)
  4 leopard geckos
  4 giant cockroaches
  5 goblins
  5 hobgoblins
  2 quokkas (D:2)
  A ball python (D:1)
  A ball python (shapeshifter) (D:1)
  7 bats
  3 frilled lizards
  3 kobolds
  6 rats
45 creatures vanquished.

Notes
Turn   | Place    | Note
-------+----------+-------------------------------------------
     0 | D:1      | MisterOstroum the Demonspawn Chaos Knight began the quest
                  | for the Orb.
     0 | D:1      | Reached XP level 1. HP: 18/18 MP: 1/1
    13 | D:1      | XOM: harmless Air miscast
   155 | D:1      | XOM: god gift: glowing chain mail {god gift}
   244 | D:1      | Gained mutation: You have a pair of small antennae on your
                  | head. [demonic ancestry]
   244 | D:1      | Reached XP level 2. HP: 24/24 MP: 2/2
   740 | D:1      | XOM: give mutations
   740 | D:1      | Gained mutation: You are weak. (Str -2) [Xom's mischief]
   740 | D:1      | Lost mutation: You are weak. (Str -2) [Xom's mischief]
   740 | D:1      | Gained mutation: Your body sometimes deteriorates upon
                  | taking damage. [Xom's mischief]
   740 | D:1      | Gained mutation: Armour fits poorly on your strangely
                  | shaped body. [Xom's mischief]
  1092 | D:1      | XOM: god gift: slimy granite ring {god gift}
  1093 | D:1      | Got a slimy granite ring {god gift}
  1094 | D:1      | Identified the ring "Moseimiw" {rN+ Str+4 Int+4 SInv} (Xom
                  | gifted it to you on level 1 of the Dungeon)
  1139 | D:2      | Reached XP level 3. HP: 29/29 MP: 3/3
  1213 | D:2      | XOM: destruction
  1382 | D:2      | Found a runed door.
  1597 | D:2      | XOM: swap monsters
  1600 | D:2      | Reached skill level 4 in Fighting
  1639 | D:2      | XOM: blink monster(s)
  1751 | D:2      | Found a shattered altar of Ashenzari.
  1997 | D:2      | Gained mutation: You are immune to rotting. [demonic
                  | ancestry]
  1997 | D:2      | Reached XP level 4. HP: 37/37 MP: 4/4
  2275 | D:2      | Noticed Crazy Yiuf
  2279 | D:2      | XOM: harmless Conj miscast
  2281 | D:2      | Mangled by Crazy Yiuf

Skill      XL: |  1  2  3 |
---------------+----------+-----
Polearms       | 3 |  3.6
Fighting       | 4 |  4.0
Armour         | |  1.7
Dodging        | |  0.8

Action                   |  1- 3 |  4- 6 || total
-------------------------+-------+-------++-------
Melee: Spear             |   167 |     5 ||   172
Throw: Stone             |    83 |     1 ||    84
  Eat: Chunk             |     4 |       ||     4
Armor: Ring mail         |     8 |       ||     8
       Leather armour    |     5 |       ||     5
       Plate armour      |    39 |       ||    39
       Chain mail        |     6 |       ||     6
Dodge: Dodged            |    36 |       ||    36
